 Dungeon Crawl Stone Soup version 0.32-a0-799-g95e1662365 (webtiles) character file.

Game seed: 6224817384660138596

7746 porpoise the Agnostic (level 11, 76/84 HPs)
             Began as a Demonspawn Gladiator on Mar 22, 2024.
             Quit the game on level 9 of the Dungeon.
             The game lasted 00:32:00 (8594 turns).

porpoise the Agnostic (Demonspawn Gladiator)        Turns: 8594, Time: 00:32:00

Health: 76/84      AC: 19    Str: 22    XL:     11   Next: 0%
Magic:  18/18      EV:  9    Int:  9    God:
Gold:   416        SH:  5    Dex: 17    Spells: 10/10 levels left

rFire   . . .        w - +10 mace of Compassion {spect, *Noise rN+ Str+4 Dex+2}
rCold   + . .        (no shield)
rNeg    + + .        N - +1 chain mail {rN+}
rPois   .            y - +1 hat
rElec   .            R - +2 cloak
rCorr   .            q - +1 pair of gloves
SInv    .            (no boots)
Will    +....        m - amulet of reflection Stlth
                     O - ring of willpower
HPRegen 0.34/turn    S - ring of protection from cold
MPRegen 0.16/turn

%: reflection
@: no status effects
A: claws 1, thin metallic scales 1, foul stench 1, powered by death 2
a: no special abilities


You were on level 9 of the Dungeon.
You visited 2 branches of the dungeon, and saw 10 of its levels.
You also visited: Sewer.

You collected 416 gold pieces.

Inventory:

Hand Weapons
 a - a +1 heavy trident
 b - a +0 sling
 w - the +10 mace of Compassion (weapon) {spect, *Noise rN+ Str+4 Dex+2}
   (You found it on level 4 of the Dungeon)

   Str+4:     It affects your strength (+4).
   Dex+2:     It affects your dexterity (+2).
   rN+:       It protects you from negative energy.
   *Noise:    It may make a loud noise when swung.
 Z - a +4 scimitar of flaming
Missiles
 d - 3 throwing nets (quivered)
 e - 5 javelins
 n - 6 darts of dispersal
 G - 8 boomerangs
Armour
 q - a +1 pair of gloves (worn)
 y - a +1 hat (worn)
 N - a +1 chain mail of positive energy (worn)
 R - a +2 cloak (worn)
Jewellery
 k - a ring of positive energy
 m - an amulet of reflection (around neck)
 H - a ring of positive energy
 O - a ring of willpower (left hand)
 Q - an amulet of regeneration
 S - a ring of protection from cold (right hand)
 U - a ring of ice
 V - a ring of flight
 Y - a ring of positive energy
Wands
 C - a wand of digging (2)
 L - a wand of iceblast (11)
Scrolls
 g - 2 scrolls of poison
 i - a scroll of silence
 o - 3 scrolls of blinking
 r - a scroll of brand weapon
 u - 4 scrolls of enchant weapon
 x - 2 scrolls of fog
 A - 4 scrolls of immolation
 B - a scroll of amnesia
 E - a scroll of summoning {unknown}
 I - a scroll of teleportation {unknown}
 T - 2 scrolls of fear {unknown}
 X - a scroll of identify
Potions
 f - 6 potions of brilliance
 h - 4 potions of heal wounds
 l - 3 potions of mutation
 p - a potion of lignification {unknown}
 s - 5 potions of curing {unknown}
 t - 3 potions of might {unknown}
 v - 4 potions of cancellation {unknown}
 z - a potion of degeneration {unknown}
 D - 2 potions of haste {unknown}
 F - 2 potions of ambrosia {unknown}
 J - a potion of experience {unknown}
 K - 3 potions of resistance {unknown}
 M - a potion of magic {unknown}
 P - a potion of enlightenment {unknown}
Miscellaneous
 W - a phantom mirror


   Skills:
 - Level 7.0 Fighting
 - Level 8.0 Maces & Flails
 + Level 7.6 Polearms
 - Level 1.7 Throwing
 - Level 5.0 Armour
 + Level 4.5 Dodging
 + Level 10.2 Invocations


You had 10 spell levels left.
You didn't know any spells.
Your spell library contained the following spells:

 Spells                   Type           Power      Damage    Failure   Level
 Blink                    Tloc           0%         N/A       98%         2
 Call Imp                 Summ           0%         N/A       98%         2
 Lesser Beckoning         Tloc           0%         N/A       98%         2
 Momentum Strike          Conj/Tloc      0%         3d8       98%         2
 Sublimation of Blood     Necr           0%         N/A       98%         2
 Gell's Gravitas          Tloc           0%         N/A       100%        3
 Teleport Other           Tloc           0%         N/A       100%        3
 Brom's Barrelling Bould  Conj/Erth      0%         2d3       100%        4
 Fireball                 Conj/Fire      0%         3d3       100%        5
 Iskenderun's Battlesphe  Conj           0%         2d6       100%        5
 Conjure Ball Lightning   Conj/Air       0%         3x3d6     100%        6
 Dispersal                Tloc           0%         N/A       100%        6
 Orb of Destruction       Conj           0%         9d5       100%        7
 Summon Hydra             Summ           0%         N/A       100%        7


Dungeon Overview and Level Annotations

Branches:
Dungeon (9/15)             Temple (1/1) D:4           Sewer (visited)
   Lair: D:8-11         Orc: D:9-12

Altars:
Ashenzari
Cheibriados
Dithmenos
Fedhas
Gozag
Hepliaklqana
Kikubaaqudgha
Makhleb
Nemelex Xobeh
Okawaru
Qazlal
Sif Muna
Trog
Uskayaw
Vehumet
Wu Jian
Yredelemnul

Annotations:
D:5 3 runed translucent doors, Jigsaw's ghost, weakling GnDe


Innate Abilities, Weirdness & Mutations

You have sharp fingernails.
You are partially covered in thin metallic scales. (AC +2)
You may rarely emit foul miasma when damaged in melee.
You regenerate health from kills.


Message History

The quokka barely misses you.
Your killer bee zombie hits Gastronok.
The bat hits your +10 mace of Compassion {spect, *Noise rN+ Str+4 Dex+2} but does no damage.
Gastronok casts a spell.
You hit Gastronok.
Gastronok is almost dead.
Your +10 mace of Compassion {spect, *Noise rN+ Str+4 Dex+2} barely misses Gastronok.
The bat barely misses your +10 mace of Compassion {spect, *Noise rN+ Str+4 Dex+2}. x2
Your killer bee zombie hits Gastronok.
The quokka barely misses you.
The river rat bites you but does no damage.
The bat barely misses your +10 mace of Compassion {spect, *Noise rN+ Str+4 Dex+2}.
You hit Gastronok.
Gastronok is almost dead.
Your +10 mace of Compassion {spect, *Noise rN+ Str+4 Dex+2} hits Gastronok!
The bat completely misses your +10 mace of Compassion {spect, *Noise rN+ Str+4 Dex+2}.
Your killer bee zombie hits Gastronok.
The bat misses your +10 mace of Compassion {spect, *Noise rN+ Str+4 Dex+2}.
Your killer bee zombie hits Gastronok!
Gastronok dies!
With your torch unlit, their soul goes wasted...
The bat disappears in a puff of smoke!
The quokka disappears in a puff of smoke!
The river rat disappears in a puff of smoke!
Your Invocations skill increases to level 10!
You have reached level 11!
Your +10 mace of Compassion {spect, *Noise rN+ Str+4 Dex+2} disappears.
You see here a +1 hat.
You can't carry that many items.
You drop 5 poisoned darts.
You see here a +1 hat.
y - a +1 hat You start removing your armour.
You continue removing your +0 helmet. x4
You finish removing your +0 helmet.
You start putting on your armour.
You continue putting on your +1 hat. x5
You finish putting on your +1 hat.
You drop a +0 helmet.
You have lost your religion!
Yredelemnul does not appreciate desertion!
Your aura of darkness fades away.
You drop a +0 ring mail.
Are you sure you want to abandon this character and quit the game? (Confirm with "yes".)

###....##########........# ######
...#'##...........######## #.....
.#.#..#........#..# #.#...
.[.#..#........#..# #.....
...##.#...........# #.....
#####.############# #.....
.......# #......# #.###. ..<....#
#......# #.# #. .......# #...(@.#
#.###. #####'#######..##'##+#
#..... ............#..##....#
###### ............'...#....# #
............#...#....# #
............#...#....# #
............#####....############
.....########....................
#..#.#......#........).....###...


There were no monsters in sight!

Vanquished Creatures
  Erica (D:9)
  3 two-headed ogres (D:8)
  Pikel (D:8)
  Maurice (D:7)
  A steam dragon (D:7)
  A sky beast (D:7)
  An ice beast (D:5)
  3 orc warriors
  A black bear (D:7)
  2 ogres
  A boggart (D:8)
  2 centaurs
  2 brain worms (Sewer)
  4 bullfrogs
  A scorpion (D:5)
  8 killer bees
  2 howler monkeys
  4 orc priests
  6 hounds
  A jelly (D:6)
  A sleepcap (D:6)
  3 iguanas
  9 orc wizards
  A gnoll (D:1)
  15 adders
  2 river rats (Sewer)
  A shadow imp (D:6)
  A white imp (D:6)
  2 dart slugs
  4 ribbon worms
  17 orcs
  8 ball pythons
  11 bats
  5 endoplasms
  6 giant cockroaches
  9 goblins
  7 hobgoblins
  6 jackals (D:2)
  7 kobolds
  4 quokkas
  13 frilled lizards
  8 rats
186 creatures vanquished.

Vanquished Creatures (collateral kills)
  Gastronok (D:9)
  2 wraiths (D:9)
  An orc warrior (D:8)
  A boggart (D:8)
  2 lemures (D:8)
  A bullfrog (D:8)
  4 killer bees
  An orc wizard (D:8)
  3 orcs
16 creatures vanquished.

Vanquished Creatures (others)
  2 two-headed ogre zombies (D:8)
  A bullfrog zombie (D:9)
  2 orc zombies
  A spectral weapon (D:8)
6 creatures vanquished.

Grand Total: 208 creatures vanquished

Notes
Turn   | Place    | Note
-------+----------+-------------------------------------------
     0 | D:1      | porpoise the Demonspawn Gladiator began the quest for the
                  | Orb.
     0 | D:1      | Reached XP level 1. HP: 16/16 MP: 1/1
    76 | D:1      | Gained mutation: You regenerate a little health from kills.
                  | [demonic ancestry]
    76 | D:1      | Reached XP level 2. HP: 12/22 MP: 2/2
   442 | D:1      | Reached XP level 3. HP: 28/28 MP: 3/3
   979 | D:2      | Gained mutation: You have sharp fingernails. [demonic
                  | ancestry]
   979 | D:2      | Reached XP level 4. HP: 33/35 MP: 4/4
  1726 | D:3      | Found a glowing drain.
  1806 | Sewer    | Entered a sewer
  1832 | Sewer    | Gained mutation: You may rarely emit foul miasma when
                  | damaged in melee. [demonic ancestry]
  1832 | Sewer    | Reached XP level 5. HP: 41/41 MP: 5/5
  1940 | Sewer    | Reached skill level 5 in Polearms
  2007 | Sewer    | Reached XP level 6. HP: 47/48 MP: 6/6
  2343 | D:3      | Found a stormy altar of Qazlal.
  2701 | D:4      | Identified the +10 mace of Compassion {spect, *Noise rN+
                  | Str+4 Dex+2}
  2799 | D:4      | Found a staircase to the Ecumenical Temple.
  2805 | Temple   | Entered the Ecumenical Temple
  3226 | D:5      | Entered Level 5 of the Dungeon
  3249 | D:5      | Noticed an ice beast
  3257 | D:5      | Killed an ice beast
  3258 | D:5      | Reached XP level 7. HP: 55/55 MP: 7/7
  3447 | D:5      | Found a runed translucent gate.
  3447 | D:5      | Found a runed translucent gate.
  3447 | D:5      | Found a runed translucent gate.
  3449 | D:5      | Found an opulent altar of Gozag.
  3449 | D:5      | Noticed a vampire mosquito
  3450 | D:5      | Noticed Jigsaw's ghost (weakling GnDe)
  3547 | D:5      | Found a blossoming altar of Fedhas.
  3574 | D:5      | Reached skill level 5 in Fighting
  3727 | D:5      | Found a snail-covered altar of Cheibriados.
  3727 | D:5      | Found a basalt altar of Yredelemnul.
  3756 | D:5      | Found a hide-covered altar of Uskayaw.
  3816 | D:5      | Found an iron altar of Okawaru.
  3869 | D:5      | Reached skill level 1 in Maces & Flails
  4237 | D:6      | Gained mutation: You regenerate health from kills. [demonic
                  | ancestry]
  4237 | D:6      | Reached XP level 8. HP: 47/64 MP: 8/8
  5117 | D:5      | Became a worshipper of Yredelemnul the Fallen
  5317 | D:7      | Reached skill level 5 in Maces & Flails
  5551 | D:7      | Noticed Maurice
  5557 | D:7      | Maurice stole an amulet of regeneration
  5564 | D:7      | Killed Maurice
  5877 | D:7      | Gained mutation: You are partially covered in thin metallic
                  | scales. (AC +2) [demonic ancestry]
  5877 | D:7      | Reached XP level 9. HP: 72/72 MP: 9/9
  5950 | D:7      | Reached skill level 1 in Invocations
  5984 | D:7      | Reached skill level 1 in Armour
  6184 | D:8      | Noticed a two-headed ogre
  6194 | D:8      | HP: 1/72 [two-headed ogre/+0 giant spiked club (3)]
  6196 | D:8      | Killed a two-headed ogre
  6197 | D:8      | Reached skill level 3 in Invocations
  6251 | D:8      | Noticed a two-headed ogre
  6253 | D:8      | Noticed a two-headed ogre
  6255 | D:8      | Killed a two-headed ogre
  6256 | D:8      | Reached skill level 4 in Invocations
  6259 | D:8      | Killed a two-headed ogre
  6260 | D:8      | Reached skill level 6 in Invocations
  6260 | D:8      | Reached XP level 10. HP: 31/79 MP: 11/14
  6767 | D:8      | Noticed Pikel
  6777 | D:8      | Killed Pikel
  6778 | D:8      | Reached skill level 5 in Armour
  6778 | D:8      | Reached skill level 7 in Invocations
  6862 | D:8      | Found a flagged portal.
  6870 | D:8      | Reached skill level 8 in Invocations
  7939 | D:9      | Reached skill level 9 in Invocations
  8036 | D:9      | Noticed Erica
  8065 | D:9      | Killed Erica
  8566 | D:9      | Noticed Gastronok
  8576 | D:9      | Killed Gastronok
  8577 | D:9      | Reached skill level 10 in Invocations
  8577 | D:9      | Reached XP level 11. HP: 61/84 MP: 18/18
  8592 | D:9      | Fell from the grace of Yredelemnul
  8594 | D:9      | Quit the game

Illustrated notes

Levels and vault maps discovered:
D:1:      shiori_arrival_oz, layout_rooms, hangedman_glass_teeth
D:2:      layout_loops_cross, serial_bayou, serial_bayou_crossing,
          serial_bayou_pond_d, serial_bayou_shore_a, serial_bayou_pond_e,
          serial_bayou_pond_a
D:3:      layout_rooms, lemuel_tele_altar, gup_sewer_entry_glass
D:4:      layout_basic, minmay_temple_entry_trees,
          hangedman_abyss_or_decor_jellyfish_corner, eino_curves_02
D:5:      layout_gridville, mainiacjoe_overflow_alcove_1,
          grunt_temple_overflow_open, ebering_ghost_gozag
D:6:      layout_basic, supply_closet_lemuel, minmay_misc_feat_tower,
          minmay_tree_intersection
D:7:      layout_gridville, uniq_maurice
D:8:      layout_layer_cave, enter_bailey_3, nicolae_phantomly_mirrored,
          uniq_pikel
D:9:      layout_stronghold, uniq_erica, uniq_gastronok
Temple:   dpeg_chambers_temple

Skill      XL: |  1  2  3  4  5  6  7  8  9 10 |
---------------+-------------------------------+-----
Polearms       | 3 4 5 6 7 |  7.6
Fighting       | 3 4 5 7 |  7.0
Maces & Flails | 3 6 8 |  8.0
Invocations    | 6 10 | 10.2
Armour         | 4 5 |  5.0
Dodging        | 4 |  4.5
Throwing       | |  1.7

Action                     |  1- 3 |  4- 6 |  7- 9 | 10-12 || total
---------------------------+-------+-------+-------+-------++-------
  Melee: Trident           |   162 |   223 |       |    14 ||   399
         Mace              |       |    12 |   110 |   101 ||   223
   Fire: Sling             |     3 |     5 |       |     1 ||     9
    Use: Scroll            |       |     6 |     5 |     2 ||    13
   Stab: Distracted        |     1 |       |       |     1 ||     2
 Armour: Leather armour    |    31 |       |       |       ||    31
         Ring mail         |    48 |   149 |    47 |       ||   244
         Chain mail        |       |       |    37 |   123 ||   160
  Dodge: Dodged            |    77 |   119 |    55 |    79 ||   330
  Block: Other             |    17 |    45 |    15 |    33 ||   110
         Reflection        |       |     1 |       |       ||     1

Table legend: (Time is in decaauts)
 A = Elapsed time spent in this place.
 B = Non-inter-level travel time spent in this place.
 C = Inter-level travel time spent in this place.
 D = Time resting spent in this place.
 E = Time spent auto-exploring this place.
 F = Levels seen in this place.
 G = Mean time per level.
                   A        B        C        D        E       F      G
               +--------+--------+--------+--------+--------+-----+--------+
         Total |   8729 |   8456 |    273 |   1238 |   5281 |  11 |  793.5 |
       Dungeon |   8373 |   8101 |    272 |   1192 |   5281 |   9 |  930.3 |
        Temple |      1 |      0 |      1 |      0 |      0 |   1 |    1.0 |
         Sewer |    354 |    354 |      0 |     46 |      0 |   1 |  354.0 |
               +--------+--------+--------+--------+--------+-----+--------+

Top non-repeatable levels by time:
     D:8: 1574 daAuts
     D:6: 1089 daAuts
     D:2: 948 daAuts
     D:7: 930 daAuts
     D:9: 906 daAuts
     D:5: 906 daAuts
     D:4: 736 daAuts
     D:1: 708 daAuts
     D:3: 574 daAuts
   Sewer: 354 daAuts
  Temple: 1 daAuts
